AoeStats
← +Matt.Chak

Black Forest

510341712Analyzed
4v4 RM · 1d ago on Sep 30, 2026· 39m 13s· 8 players
Game mode
Random Map
Map size
Large (8 player)
Population
200
Speed
Normal
Resources
Standard
Victory
Conquest
Starting age
Dark Age
Ending age
Imperial Age
RankedLock teamsTeams togetherTeam positionsShared explorationLock speedFull tech treeHidden civsTurbo modeCheats
Victory
Defeat
🇨🇱 Khmer · Chile
1425
+13
🇹🇷 Mongols · Türkiye
1326
+17
🇮🇳 Hindustanis · India
1324
+18
🇩🇪 Bohemians · Germany
1323
+17
🇨🇳 Persians · China
1411
-18
🇺🇸 Sicilians · United States
1359
-16
🇪🇸 Mongols · Spain
1341
-16
🇭🇰 Armenians · Hong Kong SAR China
1315
-15
MineirodeOuro
0:26 Loom
13:07 Feudal Age
20:23 Castle Age
18:18 Horse Collar
18:52 Double-Bit Axe
19:22 Gold Mining
19:36 Stone Mining
20:56 Wheelbarrow
21:37 Bow Saw
21:27 Heavy Plow
22:26 Gold Shaft Mining
23:05 Stone Shaft Mining
ZapeRciLLo1
0:27 Loom
12:36 Feudal Age
13:21 Double-Bit Axe
16:16 Castle Age
17:26 Bow Saw
24:24 Fletching
+Matt.Chak
10:57 Feudal Age
16:36 Castle Age
16:23 Horse Collar
16:59 Double-Bit Axe
17:39 Gold Mining
17:42 Pikeman
20:39 Halberdier
24:28 Loom
26:12 Squires
25:40 Man-at-Arms
成全
5:01 Loom
12:30 Feudal Age
17:28 Castle Age
15:40 Double-Bit Axe
15:50 Fishing Lines
17:54 Gillnets
18:40 Bow Saw
19:55 Wheelbarrow
19:29 Horse Collar
24:51 Stone Mining
26:09 Stone Shaft Mining
25:25 Gold Mining
26:19 Gold Mining
28:03 Hand Cart
27:33 Town Watch
30:56 Imperial Age
29:15 Scale Barding Armor
29:20 Forging
30:59 Chain Barding Armor
32:49 Conscription
37:33 Hoardings
37:16 Fletching
37:48 Citadels
39:29 Plate Barding Armor
39:51 Iron Casting
Szorinx
0:33 Loom
12:24 Feudal Age
17:56 Castle Age
16:12 Double-Bit Axe
16:10 Horse Collar
24:46 Wheelbarrow
24:17 Town Watch
25:49 Bow Saw
28:12 Hand Cart
28:03 Heavy Plow
32:09 Imperial Age
31:38 Chemistry
31:24 Forging
31:14 Scale Mail Armor
31:25 Pikeman
32:05 Squires
33:20 Iron Casting
33:00 Chain Mail Armor
32:10 Halberdier
34:31 Houfnice
35:33 Conscription
36:02 Wagenburg Tactics
36:10 Siege Engineers
37:32 Blast Furnace
37:03 Plate Mail Armor
37:11 Plate Mail Armor
Nghtly
8:12 Loom
14:07 Feudal Age
19:36 Castle Age
17:54 Double-Bit Axe
18:01 Horse Collar
23:59 Bow Saw
26:29 Imperial Age
24:03 Stone Mining
24:04 Gold Mining
27:20 Stone Shaft Mining
27:20 Gold Shaft Mining
26:59 Fishing Lines
28:04 Wheelbarrow
27:14 Town Watch
27:25 Fletching
27:35 Padded Archer Armor
27:59 Ballistics
28:28 Bodkin Arrow
29:40 Parthian Tactics
30:03 Bracer
30:56 Leather Archer Armor
30:50 Thumb Ring
31:50 Conscription
31:47 Bloodlines
31:37 Husbandry
32:53 Chemistry
31:47 Light Cavalry
32:41 Forging
32:36 Scale Barding Armor
33:14 Hussar
33:33 Elite Mangudai
34:44 Hussar
37:03 Iron Casting
36:33 Scale Barding Armor
37:43 Heavy Scorpion
39:02 Siege Engineers
40:05 Drill
happix
10:16 Feudal Age
13:12 Castle Age
12:02 Double-Bit Axe
13:02 Horse Collar
14:30 Bow Saw
17:02 Loom
19:27 Wheelbarrow
22:12 Bloodlines
23:11 Scale Barding Armor
23:17 Forging
23:22 Gold Mining
24:30 Husbandry
24:58 Chain Barding Armor
27:34 Gold Shaft Mining
27:36 Iron Casting
27:37 Fervor
31:59 Imperial Age
29:53 Stone Mining
33:52 Plate Barding Armor
35:30 Blast Furnace
34:30 Scale Mail Armor
34:44 Heavy Plow
35:02 Hand Cart
38:56 Chain Mail Armor
39:27 Conscription
39:11 Double Crossbow
39:32 Conscription
39:09 Pikeman
snek_fan
0:49 Loom
11:25 Feudal Age
16:00 Castle Age
14:28 Double-Bit Axe
18:24 Fishing Lines
21:10 Scale Mail Armor
23:33 Chain Mail Armor
27:42 Horse Collar
28:14 Bow Saw
29:50 Wheelbarrow
29:42 Squires
29:27 Arson
31:32 Forging
31:54 Gold Mining
32:09 Heavy Plow
35:58 Imperial Age
34:06 Gillnets
35:47 Stone Mining
36:54 Hand Cart
36:49 Town Watch
39:34 Coinage
Connection lost

Rejoining the realm…

Still unreachable

The connection could not be restored.

Session expired

The server has moved on; the page needs a fresh start.